Map: Glittering Ashes LE

Players

ShoWTimE

  • Race: Protoss Protoss
  • League: Grandmaster

HeroMarine - Winner!

  • Race: Terran Terran
  • League: Master

Event: DreamHack SC2 Masters Last Chance 2022

VOD

Have the link to the VOD?

Description

Time

  • Played on: Dec. 17, 2021, 2:58 p.m.
  • Length: 9:40

All games in this series

Show
View Real Time Build Order
Export as new Build Order

ShoWTimE Protoss 

Build Orders: 1 Gate Expand, Oracle Opening, Zealot Archon 

Get SALT Encoding   

  12  0:00  Probe  
  13  0:12  Probe  
  14  0:17  Pylon  
  14  0:24  Probe (Chrono Boost)  
  15  0:36  Gateway, Probe (Chrono Boost)  
  16  0:44  Probe (Chrono Boost)  
  16  0:45  Assimilator  
  17  0:50  Probe  
  18  1:03  Probe  
  19  1:15  Probe  
  20  1:24  Cybernetics Core  
  20  1:31  Nexus  
  20  1:34  Probe  
  21  1:41  Pylon  
  21  1:46  Probe  
  22  1:49  Assimilator  
  22  1:58  Stalker (Chrono Boost), Probe  
  25  2:09  Shield Battery  
  25  2:10  Probe  
  25  2:22  Probe  
  25  2:26  Adept (Chrono Boost)  
  28  2:35  Probe  
  29  2:40  Stargate  
  29  2:43  Probe (Chrono Boost)  
  30  2:50  Probe (Chrono Boost)  
  31  2:55  Probe (Chrono Boost)  
  31  2:57  Adept  
  34  3:03  Probe (Chrono Boost)  
  34  3:04  Probe (Chrono Boost)  
  36  3:05  Warp Gate  
  36  3:10  Probe  
  37  3:14  Probe  
  38  3:20  Oracle (Chrono Boost)  
  38  3:22  Probe  
  38  3:26  Probe  
  42  3:30  Pylon  
  43  3:34  Probe  
  43  3:38  Probe  
  44  3:46  Probe  
  44  3:48  Oracle (Chrono Boost)  
  45  3:50  Probe  
  48  3:58  Probe  
  49  4:02  Probe  
  49  4:07  Nexus  
  50  4:10  Probe  
  50  4:12  Pylon  
  50  4:15  Probe  
  52  4:20  Pylon  
  52  4:22  Probe  
  53  4:27  Probe  
  53  4:30  Phoenix  
  56  4:34  Probe  
  56  4:37  Assimilator, Pylon  
  57  4:39  Probe  
  57  4:41  Assimilator  
  58  4:46  Probe  
  58  4:47  Pylon  
  58  4:49  Gateway x2  
  58  4:51  Probe  
  60  4:58  Probe  
  61  5:01  Twilight Council  
  61  5:03  Probe  
  61  5:05  Forge  
  62  5:09  Sentry  
  62  5:10  Protoss Ground Weapons Level 1  
  62  5:11  Probe, Pylon  
  65  5:15  Probe  
  65  5:20  Probe  
  67  5:23  Probe, Shield Battery  
  67  5:27  Probe  
  69  5:31  Pylon  
  69  5:32  Probe  
  69  5:35  Probe  
  71  5:36  Gateway, Sentry  
  71  5:39  Probe  
  74  5:44  Probe  
  74  5:46  Charge (Chrono Boost)  
  74  5:47  Probe  
  76  5:51  Probe  
  76  5:56  Probe  
  74  5:59  Probe  
  74  6:00  Stalker x2  
  74  6:04  Probe  
  80  6:06  Gateway  
  80  6:08  Probe  
  81  6:11  Gateway, Probe  
  81  6:16  Probe, Templar Archives  
  83  6:20  Probe  
  83  6:22  Gateway  
  83  6:23  Probe  
  85  6:29  Probe  
  84  6:35  Zealot x3, Pylon x2  
  84  6:38  Gateway  
  90  6:40  Phoenix  
  90  6:44  Pylon  
  92  6:47  Photon Cannon  
  92  6:54  High Templar  
  92  6:56  Pylon  
  92  6:58  High Templar x3  
  92  6:59  Pylon  
  100  7:01  Assimilator  
  100  7:02  Archon x2  
  100  7:03  Assimilator  
  100  7:07  Robotics Facility  
  100  7:09  Zealot x2  
  104  7:17  Zealot  
  106  7:23  Phoenix, Shield Battery  
  106  7:26  Protoss Ground Armor Level 1 (Chrono Boost)  
  108  7:30  Zealot x4  
  108  7:31  Zealot x2  
  108  7:35  Pylon  
  112  7:47  Zealot x2  
  112  7:51  Zealot  
  112  7:52  Zealot  
  112  7:53  Zealot x3  
  121  8:01  Zealot, Pylon  
  123  8:09  Zealot x2  
  127  8:13  Zealot x4  
  127  8:17  Zealot  
  131  8:28  Zealot  
  121  8:36  Zealot x6  
  121  8:38  Probe x3  
  134  8:41  Pylon  
  134  8:44  Warp Prism (Chrono Boost)  
  134  8:48  High Templar  
  122  8:51  Probe  
  122  8:54  High Templar  
  122  8:55  Photon Cannon  
  123  8:57  High Templar x3  
  123  8:58  High Templar  
  131  9:11  Shield Battery  
  131  9:13  Observer, Nexus  
  131  9:15  Pylon  
  131  9:16  Zealot x2  
  132  9:23  Zealot  
  118  9:30  Zealot x4  
  118  9:31  Zealot  
Show
View Real Time Build Order
Export as new Build Order

HeroMarine Terran - Winner!

Build Orders:  

Get SALT Encoding   

  12  0:00  SCV  
  13  0:12  SCV  
  14  0:17  Supply Depot  
  14  0:24  SCV  
  15  0:39  SCV  
  15  0:41  Barracks  
  16  0:46  Refinery  
  16  0:51  SCV  
  16  0:56  Refinery  
  17  1:03  SCV  
  18  1:15  SCV  
  19  1:27  Orbital Command  
  19  1:28  Reaper  
  20  1:33  Supply Depot  
  20  1:49  Factory  
  20  1:54  Bunker  
  20  1:56  SCV  
  20  2:00  Reaper  
  22  2:08  SCV  
  23  2:20  SCV  
  23  2:32  SCV, Factory Reactor  
  24  2:38  Command Center  
  24  2:44  SCV  
  24  2:49  Bunker  
  24  2:50  Supply Depot  
  25  2:56  SCV  
  26  3:03  Starport  
  26  3:08  SCV  
  26  3:09  Hellion  
  26  3:11  Hellion  
  31  3:20  SCV  
  32  3:30  Widow Mine  
  32  3:32  Widow Mine, SCV  
  37  3:39  Medivac  
  39  3:50  SCV, Orbital Command  
  40  3:59  Factory Tech Lab  
  40  4:02  SCV  
  41  4:07  Barracks  
  41  4:09  Starport Tech Lab  
  41  4:11  Marine x2  
  41  4:14  SCV  
  41  4:15  Supply Depot, SCV  
  45  4:17  Cyclone  
  44  4:26  SCV  
  44  4:27  SCV  
  44  4:28  Raven  
  44  4:29  Marine x2  
  49  4:34  Engineering Bay  
  49  4:35  Barracks  
  50  4:38  SCV  
  50  4:39  SCV  
  51  4:46  Marine x2  
  51  4:49  Refinery  
  51  4:50  SCV  
  51  4:51  SCV  
  55  5:01  Terran Infantry Weapons Level 1  
  55  5:02  SCV  
  55  5:04  Supply Depot, SCV, Marine x2  
  55  5:05  Marine  
  60  5:07  Stimpack  
  60  5:12  Supply Depot  
  60  5:14  SCV  
  60  5:16  SCV  
  60  5:19  Starport Tech Lab  
  62  5:23  Refinery  
  62  5:26  Siege Tank  
  62  5:27  SCV  
  62  5:28  Supply Depot, SCV, Marine  
  67  5:30  Marine  
  67  5:31  Marine  
  70  5:39  SCV  
  70  5:40  SCV  
  72  5:43  Combat Shield, Marine  
  72  5:44  Starport Reactor  
  72  5:46  Marine  
  72  5:47  Supply Depot  
  72  5:48  Marine  
  72  5:49  Marine  
  76  5:52  SCV x2  
  76  5:55  Supply Depot  
  78  5:58  Siege Tank  
  78  6:03  Missile Turret  
  81  6:04  Missile Turret  
  81  6:05  Marine x2  
  81  6:07  Marine  
  84  6:13  Marine  
  85  6:23  Marine x2  
  85  6:30  Medivac x2, Siege Tank, Marine  
  85  6:32  Marauder  
  95  6:36  Supply Depot  
  93  6:41  Marine  
  93  6:42  Marauder  
  93  6:44  Command Center  
  94  6:47  Concussive Shells  
  94  6:54  Marauder, Marine  
  94  6:57  Barracks x2  
  94  6:59  Marine  
  98  7:05  Medivac x2  
  98  7:06  Siege Tank  
  105  7:10  Supply Depot  
  105  7:14  Marauder  
  107  7:15  Marine x2  
  107  7:22  SCV  
  110  7:31  SCV  
  109  7:37  Marauder x2  
  109  7:39  Marine x2  
  109  7:40  Medivac  
  117  7:47  Medivac  
  117  7:51  Factory Reactor  
  119  7:54  SCV x2  
  119  7:57  Marine  
  123  7:59  Marauder x2  
  123  8:00  Barracks Reactor  
  126  8:06  SCV x2  
  126  8:08  Marine x2  
  130  8:17  Medivac x2, Marine  
  130  8:18  SCV x2  
  137  8:20  Marauder x2  
  137  8:26  Marine  
  135  8:30  Marauder  
  135  8:32  Widow Mine x2  
  135  8:33  SCV x2  
  134  8:36  Orbital Command  
  134  8:41  Marauder  
  134  8:43  Missile Turret  
  134  8:45  SCV x2  
  134  8:48  Marauder, Marine x2  
  139  8:50  Marine  
  141  8:56  Supply Depot  
  141  8:58  Supply Depot  
  141  9:00  Supply Depot  
  141  9:02  Ghost Academy  
  141  9:06  Medivac, Marine  
  141  9:07  Marauder, Widow Mine  
  149  9:17  Marauder x2, Widow Mine  
  149  9:19  Marine x2  

Tags
 
Add a new tag
Caveats
  • Supply blocks, unpowered buildings, or Contaminate may cause inaccurate times.
  • Supply counts are checked every 10 seconds.